 Dungeon Crawl Stone Soup version 0.23-a0-207-g93a313e (webtiles) character file.

89476 Amnesiac the Sharpshooter (level 15, -4/115 HPs)
             Began as a Mummy Wanderer on Sept 25, 2018.
             Was the Champion of Okawaru.
             Killed from afar by a deep elf knight (12 damage)
             ... with a shard of ice
             ... on level 2 of the Elven Halls.
             The game lasted 00:42:49 (24982 turns).

Amnesiac the Sharpshooter (Mummy Wanderer)         Turns: 24982, Time: 00:42:49

Health: -4/115     AC: 29    Str: 22    XL:     15   Next: 49%
Magic:  21/21      EV: 16    Int: 16    God:    Okawaru [******]
Gold:   504        SH:  0    Dex: 14    Spells: 14/14 levels left

rFire    . . .     SeeInvis .   a - +6 arbalest (velocity)
rCold    . . .     Gourm    .   (shield currently unavailable)
rNeg     + + +     Faith    .   K - +6 plate armour "Uwnelifo" {Dex+4}
rPois    ∞         Spirit   .   y - +1 helmet {Int+3}
rElec    .         Reflect  .   j - +1 cloak
rCorr    .         Harm     .   n - +0 pair of gloves
MR       +....                  G - +1 pair of boots
Stlth    ..........             (no amulet)
HPRegen  0.29/turn              d - ring of fire
MPRegen  0.17/turn              u - +4 ring of evasion

@: very slightly contaminated
A: no food or potions, fire vulnerability, cold resistance 1, negative energy
resistance 3, torment resistance, unbreathing, in touch with death 1
a: Heroism, Finesse, Renounce Religion


You were on level 2 of the Elven Halls.
You worshipped Okawaru.
Okawaru was exalted by your worship.
You were not hungry.

You visited 4 branches of the dungeon, and saw 20 of its levels.
You also visited: Bailey.

You collected 1971 gold pieces.
You spent 1467 gold pieces at shops.

Inventory:

Hand Weapons
 a - a +6 arbalest of velocity (weapon)
 b - the +1 triple crossbow of the Moon {penet, Dex+3}
   (Okawaru gifted it to you on level 14 of the Dungeon)

   Ammo fired by it will pass through the targets it hits, potentially hitting
   all targets in its path until it reaches maximum range.
   It affects your dexterity (+3).
 w - the +7 mace of Cowardice {crush, *Noise +Fly rF+ rC+}
   (You found it on level 1 of the Elven Halls)

   It inflicts extra damage upon your enemies.
   It protects you from fire.
   It protects you from cold.
   It lets you fly.
   It may make noises in combat.
Missiles
 g - 119 bolts (quivered)
Armour
 j - a +1 cloak (worn)
 n - a +0 pair of gloves (worn)
 y - a +1 helmet of intelligence (worn)
 G - a +1 pair of boots (worn)
 I - a scarf of cloud immunity
 K - the +6 plate armour "Uwnelifo" (worn) {Dex+4}
   (You bought it in a shop on level 6 of the Dungeon)

   It affects your dexterity (+4).
Jewellery
 d - a ring of fire (left hand)
 r - an uncursed ring of wizardry
 u - a +4 ring of evasion (right hand)
 x - an uncursed ring of see invisible
 B - an uncursed ring of fire
Wands
 i - a wand of iceblast (10)
 k - a wand of paralysis (10)
 t - a wand of flame (51)
 z - a wand of scattershot (3)
 C - a wand of disintegration (10)
 D - a wand of polymorph (56)
 F - a wand of enslavement (8)
Scrolls
 c - 13 scrolls of teleportation {!r}
 e - 2 scrolls of fear {!r}
 f - a scroll of holy word {!r}
 h - a scroll of identify {!r}
 l - a scroll of silence {!r}
 m - 2 scrolls of vulnerability {!r}
 o - 2 scrolls of magic mapping {!r}
 p - 2 scrolls of blinking {!r}
 q - 3 scrolls of fog {!r}
 s - 2 scrolls of immolation {!r}
 v - 6 scrolls of remove curse {!r}
 A - a scroll of noise {!r}
 E - 3 scrolls of enchant armour {!r}
Miscellaneous
 H - a fan of gales


   Skills:
 - Level 10.0 Fighting
   Level 1.5 Polearms
 * Level 15.5 Crossbows
 - Level 1.0 Throwing
 - Level 10.0 Armour
 - Level 10.0 Dodging
 - Level 1.0 Stealth
   Level 1.0 Shields
 - Level 8.0 Invocations


You had 14 spell levels left.
You didn't know any spells.
Your spell library contained the following spells:

 Spells                   Type           Power        Failure   Level  Hunger
 Freeze                   Ice            #...         98%         1    N/A
 Summon Small Mammal      Summ           #...         98%         1    N/A
 Call Imp                 Summ           #.......     99%         2    N/A
 Throw Frost              Conj/Ice       #.....       99%         2    N/A
 Call Canine Familiar     Summ           #.......     100%        3    N/A
 Ozocubu's Armour         Chrm/Ice       #.......     100%        3    N/A
 Summon Guardian Golem    Hex/Summ       #.......     100%        3    N/A
 Summon Ice Beast         Ice/Summ       #.......     100%        4    N/A
 Summon Lightning Spire   Summ/Air       #.......     100%        4    N/A
 Throw Icicle             Conj/Ice       #.......     100%        4    N/A

Dungeon Overview and Level Annotations

Branches:
Dungeon (15/15)            Temple (0/1) D:5            Lair (0/6) D:11
    Orc (2/2) D:11            Elf (2/3) Orc:2        Vaults (0/5) D:13
 Depths (1/5) D:15

Altars:
Dithmenos
Elyvilon
Fedhas
Gozag
Kikubaaqudgha
Okawaru
Sif Muna
Trog
Wu Jian
Xom
The Shining One

Shops:
D:6 :**   D:8 [   Orc:1 }   Orc:2 =?:(   Elf:1 [

Annotations:
D:7 1 runed door, coffeespoons's ghost, novice GrFi


Innate Abilities, Weirdness & Mutations

You do not eat or drink.
Your flesh is vulnerable to fire.
You are immune to poison.
Your flesh is cold resistant. (rC+)
You are immune to negative energy. (rN+++)
You are immune to unholy pain and torment.
You can survive without breathing.
You are in touch with the powers of death.


Message History

Firing (i - inventory)
g - 123 bolts (quivered)
Press: ? - help, Shift-Dir - straight line, f - deep elf knight
Aim: a deep elf knight, wielding a long sword and wearing a ring mail (fast)
You shoot a bolt. The bolt misses the deep elf knight.
The deep elf knight completely misses you.
The deep elf knight hits you but does no damage.
Firing (i - inventory)
g - 122 bolts (quivered)
Press: ? - help, Shift-Dir - straight line, f/p - deep elf knight
Aim: a deep elf knight, wielding a long sword and wearing a ring mail (fast)
You shoot a bolt. The bolt hits the deep elf knight!!
The deep elf knight is severely wounded.
The deep elf mage gestures wildly while chanting.
The deep elf mage blinks!
The deep elf knight hits you with a long sword.
Unknown command.
Firing (i - inventory)
g - 121 bolts (quivered)
Press: ? - help, Shift-Dir - straight line, f/p - deep elf knight
Aim: a deep elf knight, wielding a long sword and wearing a ring mail (severely You shoot a bolt.
The bolt misses the deep elf knight.
The deep elf archer shouts!
The deep elf knight mumbles some strange words.
The deep elf knight flickers and vanishes!
Deactivating autopickup; reactivate with Ctrl-A.
Something hits you!
Unknown command.
Firing (i - inventory)
g - 120 bolts (quivered)
Press: ? - help, Shift-Dir - straight line, f - deep elf mage
Aim: a deep elf mage, wielding a long sword of slicing and wearing a runed ring You shoot a bolt.
The bolt hits the deep elf mage.
The deep elf mage is lightly wounded.
The deep elf mage points at you and mumbles some strange words.
The bolt of lightning misses you.
The bolt of lightning hits something.
You hear some strange, mumbled words.
A shard of ice appears from out of thin air!
The shard of ice misses you.
Unknown command.
The deep elf mage closely misses you.
The deep elf mage points at you and mumbles some strange words.
The bolt of lightning hits you! Something hits you.
The deep elf mage gestures wildly while chanting.
The deep elf mage blinks!
You hear some strange, mumbled words.
A shard of ice appears from out of thin air!
The shard of ice hits you!
* * * LOW HITPOINT WARNING * * *
The deep elf mage closely misses you.
You hear some strange, mumbled words.
A shard of ice appears from out of thin air!
The shard of ice hits you!
* * * LOW HITPOINT WARNING * * *
The deep elf archer unwields an uncursed dagger.
The deep elf archer wields an uncursed shortbow.
The deep elf archer shoots an arrow.
The arrow hits you!
* * * LOW HITPOINT WARNING * * *
You see here an arrow.
Really read
p - 3 scrolls of blinking {!r}?
Blink to where?
Press: ? - help, Dir - move target cursor, p - deep elf mage You are very lightly contaminated with residual magic.
As you read the scroll of blinking {!r}, it crumbles to dust.
Okay, then.
A shard of ice appears from out of thin air!
The shard of ice hits you!
You die...

#...+......+
#...###....+
#..%# ##..##
#...####..##
#...+......+
####..## #..#
####..#
+...@##
####<#####...
#.........
##########


There were no monsters in sight!

Vanquished Creatures
  Rupert (D:12)
  A fire giant (D:15)
  Louise (D:14)
  Nessos (D:12)
  A deep elf demonologist (Elf:2)
  An ettin (D:13)
  Josephine (D:14)
  Harold (D:8)
  2 hydras
  Erolcha (D:11)
  7 centaur warriors
  4 ogre magi (Orc:2)
  12 dancing weapons
  A death knight (D:14)
  A tengu warrior (D:15)
  17 two-headed ogres
  6 deep elf knights (Elf:1)
  An unseen horror (D:14)
  A skeletal warrior (D:14)
  6 deep elf archers
  A harpy (shapeshifter) (D:13)
  A wolf spider zombie (D:15)
  An orc knight (Orc:1)
  24 deep elf magi
  2 oklob plants (D:11)
  5 ugly things
  2 manticores
  4 orc sorcerers
  A cyclops (D:12)
  A cyclops (shapeshifter) (Elf:1)
  A guardian serpent (shapeshifter) (Elf:2)
  Psyche (D:8)
  Joseph (D:8)
  A gargoyle (D:12)
  A spiny frog (shapeshifter) (D:13)
  2 freezing wraiths (D:14)
  A queen bee (D:14)
  9 meliai
  6 trolls
  A raiju (shapeshifter) (D:15)
  5 hippogriffs
  A snapping turtle (shapeshifter) (D:13)
  3 shadows
  An air elemental (Elf:1)
  2 wyverns (D:9)
  A vampire (D:11)
  20 yaks
  7 wraiths
  A fire elemental (Elf:1)
  2 hungry ghosts
  A basilisk (D:14)
  3 wargs
  A water moccasin (D:8)
  A hornet zombie (D:12)
  3 sky beasts
  3 ice beasts
  2 black bears (shapeshifter) (D:14)
  33 ogres
  22 orc warriors
  A black bear (D:7)
  2 phantoms
  A necrophage (D:7)
  An eye of draining (D:11)
  4 crocodiles
  17 centaurs
  5 big kobolds (D:11)
  12 bullfrogs
  4 gnoll sergeants
  2 earth elementals (Elf:1)
  3 scorpions
  A wyvern skeleton (D:14)
  2 water moccasin skeletons
  18 killer bees
  10 wights
  2 electric eels (D:11)
  3 vampire bats (D:6)
  A howler monkey (D:4)
  5 crimson imps
  3 bullfrog zombies
  2 quasits
  5 centaur zombies
  5 jellies
  6 hounds
  26 orc wizards
  3 centaur skeletons
  16 orc priests
  2 bullfrog skeletons
  5 iguanas
  A gnoll shaman (D:7)
  10 worker ants
  A killer bee zombie (D:6)
  3 hound skeletons
  4 worker ant zombies
  17 gnolls
  13 adders
  3 shadow imps
  3 oozes
  An adder zombie (D:7)
  3 worms
  A dart slug (D:2)
  6 leopard geckos
  105 orcs
  3 ball pythons
  5 bats
  2 bat skeletons (D:6)
  3 bat zombies (D:6)
  2 giant cockroaches
  8 goblins
  8 hobgoblins
  4 jackals (D:8)
  30 kobolds
  4 quokkas
  7 frilled lizards
  3 hobgoblin zombies (D:8)
  A jackal skeleton (D:7)
  A jackal zombie (D:9)
  A kobold skeleton (D:8)
  A kobold zombie (D:8)
  A leopard gecko zombie (D:7)
  2 orc skeletons (D:8)
  An orc zombie (D:8)
  3 quokka skeletons (D:5)
  8 rats
  3 plants
684 creatures vanquished.

Vanquished Creatures (others)
  An orc wizard (D:7)
  26 plants
27 creatures vanquished.

Grand Total: 711 creatures vanquished

Notes
Turn   | Place    | Note
-------+----------+-------------------------------------------
     0 | D:1      | Amnesiac the Mummy Wanderer began the quest for the Orb.
     0 | D:1      | Amnesiac set off with: a +2 hand crossbow, 20 bolts, a
                  | scroll of teleportation {!r}, a +0 spear, a +0 robe
     0 | D:1      | Reached XP level 1. HP: 19/19 MP: 1/1
   540 | D:1      | Reached XP level 2. HP: 16/25 MP: 2/2
   795 | D:1      | Reached skill level 2 in Crossbows
  1264 | D:2      | Reached XP level 3. HP: 18/30 MP: 3/3
  1479 | D:2      | Reached skill level 3 in Crossbows
  1698 | D:2      | Reached XP level 4. HP: 30/37 MP: 4/4
  2723 | D:3      | Reached skill level 4 in Crossbows
  2876 | D:3      | Reached XP level 5. HP: 42/42 MP: 5/5
  3442 | D:4      | Found a deep blue altar of Sif Muna.
  3470 | D:4      | Found a shadowy altar of Dithmenos.
  3484 | D:4      | Found an iron altar of Okawaru.
  3492 | D:4      | Became a worshipper of Warmaster Okawaru
  3979 | D:4      | Reached skill level 5 in Crossbows
  3980 | D:4      | Reached XP level 6. HP: 29/48 MP: 6/6
  4118 | D:3      | Reached * piety under Okawaru
  4456 | D:4      | Reached skill level 6 in Crossbows
  4688 | D:5      | Entered Level 5 of the Dungeon
  4713 | D:5      | Reached XP level 7. HP: 54/54 MP: 7/7
  5222 | D:5      | Reached skill level 7 in Crossbows
  5449 | D:5      | Found a staircase to the Ecumenical Temple.
  5967 | D:5      | Reached XP level 8. HP: 56/60 MP: 8/8
  6127 | D:5      | Reached skill level 8 in Crossbows
  6293 | D:6      | Reached ** piety under Okawaru
  6313 | D:6      | Found Mahuipeu's Assorted Antiques.
  6439 | D:6      | Bought a runed helmet for 225 gold pieces
  6590 | D:6      | Found Exzuif's Assorted Antiques.
  6591 | D:6      | Found Larhitry's Book Boutique.
  6600 | D:6      | Bought a scroll labeled OWYHOGA SIUH for 22 gold pieces
  6600 | D:6      | Bought a scroll labeled UTUGOUQUCO for 22 gold pieces
  6938 | D:6      | Found a white marble altar of Elyvilon.
  7034 | D:6      | Reached skill level 5 in Fighting
  7133 | D:6      | Found an ancient bone altar of Kikubaaqudgha.
  7153 | D:6      | Reached skill level 9 in Crossbows
  7268 | D:6      | Reached *** piety under Okawaru
  7627 | D:7      | Reached XP level 9. HP: 64/69 MP: 9/9
  8326 | D:7      | Reached skill level 10 in Crossbows
  8363 | D:7      | Found a runed door.
  8363 | D:7      | Noticed coffeespoons's ghost (novice GrFi)
  8552 | D:7      | Reached **** piety under Okawaru
  9036 | D:8      | Received a gift from Okawaru
  9257 | D:8      | Received a gift from Okawaru
  9279 | D:8      | Reached XP level 10. HP: 79/79 MP: 10/10
  9296 | D:8      | Noticed Psyche
  9303 | D:8      | Killed Psyche
  9303 | D:8      | Reached skill level 11 in Crossbows
  9339 | D:8      | Noticed Harold
  9360 | D:8      | Killed Harold
  9621 | D:8      | Found Qouloyclipewk's Armour Boutique.
  9639 | D:8      | Bought a +0 pair of gloves for 58 gold pieces
  9715 | D:8      | Noticed Joseph
  9725 | D:8      | Killed Joseph
  9888 | D:8      | Found a glowing golden altar of the Shining One.
 10075 | D:8      | Found an opulent altar of Gozag.
 10397 | D:9      | Reached ***** piety under Okawaru
 10431 | D:9      | Reached skill level 12 in Crossbows
 10473 | D:9      | Found a stormy altar of Qazlal.
 10478 | D:9      | Found a hazy altar of Hepliaklqana.
 10478 | D:9      | Found an opulent altar of Gozag.
 10591 | D:9      | Found an ornate altar of the Wu Jian Council.
 10591 | D:9      | Found a glowing golden altar of the Shining One.
 10591 | D:9      | Found a shimmering altar of Xom.
 10767 | D:9      | Reached XP level 11. HP: 75/89 MP: 11/11
 10852 | D:10     | Entered Level 10 of the Dungeon
 11700 | D:11     | Found a staircase to the Lair.
 11719 | D:11     | Noticed a two-headed ogre
 11734 | D:11     | Killed a two-headed ogre
 11734 | D:11     | Received a gift from Okawaru
 11834 | D:11     | Noticed Erolcha
 11838 | D:11     | Killed Erolcha
 11838 | D:11     | Received a gift from Okawaru
 12022 | D:11     | Found a shadowy altar of Dithmenos.
 12206 | D:11     | Noticed a brown ugly thing
 12259 | D:11     | Killed a brown ugly thing
 12259 | D:11     | Received a gift from Okawaru
 12259 | D:11     | Reached skill level 10 in Fighting
 12418 | D:11     | Noticed a two-headed ogre
 12436 | D:11     | Killed a two-headed ogre
 12436 | D:11     | Reached skill level 13 in Crossbows
 12576 | D:11     | Noticed a two-headed ogre
 12712 | D:11     | Killed a two-headed ogre
 12712 | D:11     | Reached skill level 1 in Armour
 12712 | D:11     | Reached skill level 1 in Dodging
 12798 | D:11     | Found a staircase to the Orcish Mines.
 12969 | D:11     | Found a blossoming altar of Fedhas.
 12971 | D:11     | Noticed an oklob plant
 12971 | D:11     | Noticed an oklob plant
 12976 | D:11     | HP: 4/90 [acid (16)]
 12992 | D:11     | Killed an oklob plant
 13326 | D:11     | Killed an oklob plant
 13373 | D:11     | Reached ****** piety under Okawaru
 13383 | D:11     | Received a gift from Okawaru
 13394 | D:11     | Reached XP level 12. HP: 43/97 MP: 12/12
 13914 | Orc:1    | Entered Level 1 of the Orcish Mines
 14034 | Orc:1    | Found Feumm's Gadget Boutique.
 14136 | Orc:1    | Reached skill level 5 in Dodging
 14177 | Orc:1    | Reached skill level 5 in Armour
 14387 | Orc:2    | Entered Level 2 of the Orcish Mines
 14463 | Orc:2    | Reached skill level 1 in Invocations
 14604 | Orc:2    | Found a staircase to the Elven Halls.
 14772 | Orc:2    | Noticed a two-headed ogre
 14778 | Orc:2    | Killed a two-headed ogre
 14778 | Orc:2    | Received a gift from Okawaru
 14883 | Orc:2    | Noticed a two-headed ogre
 14883 | Orc:2    | Noticed a two-headed ogre
 14883 | Orc:2    | Noticed a two-headed ogre
 14883 | Orc:2    | Noticed a two-headed ogre
 14893 | Orc:2    | Killed a two-headed ogre
 14898 | Orc:2    | Killed a two-headed ogre
 14901 | Orc:2    | Noticed a two-headed ogre
 14905 | Orc:2    | Killed a two-headed ogre
 14905 | Orc:2    | Received a gift from Okawaru
 14905 | Orc:2    | Reached skill level 5 in Invocations
 14907 | Orc:2    | Noticed a two-headed ogre
 14908 | Orc:2    | Killed a two-headed ogre
 14911 | Orc:2    | Received a gift from Okawaru
 14918 | Orc:2    | Killed a two-headed ogre
 14924 | Orc:2    | Noticed an ogre mage
 14924 | Orc:2    | Noticed a two-headed ogre
 14931 | Orc:2    | Killed a two-headed ogre
 14931 | Orc:2    | Received a gift from Okawaru
 14934 | Orc:2    | Noticed a two-headed ogre
 14935 | Orc:2    | Killed an ogre mage
 14935 | Orc:2    | Noticed a two-headed ogre
 14939 | Orc:2    | Noticed a two-headed ogre
 14939 | Orc:2    | Noticed an ogre mage
 14968 | Orc:2    | Killed a two-headed ogre
 14975 | Orc:2    | Killed a two-headed ogre
 14975 | Orc:2    | Received a gift from Okawaru
 14984 | Orc:2    | Killed a two-headed ogre
 14984 | Orc:2    | Received a gift from Okawaru
 14984 | Orc:2    | Gained mutation: You are in touch with the powers of death.
                  | [Mummy growth]
 14984 | Orc:2    | Reached XP level 13. HP: 17/103 MP: 12/19
 15319 | Orc:2    | Paralysed by an orc sorcerer for 6 turns
 15377 | Orc:2    | Received a gift from Okawaru
 15823 | Orc:2    | Found Plog's Magic Scroll Boutique.
 15823 | Orc:2    | Found Unleluips's Antique Weapon Emporium.
 15825 | Orc:2    | Found Egyfej's Jewellery Shoppe.
 15825 | Orc:2    | Found Sytilyop's Book Boutique.
 16357 | D:12     | Noticed Rupert
 16359 | D:12     | Noticed Nessos
 16495 | D:12     | Paralysed by Rupert for 3 turns
 16510 | D:12     | Killed Rupert
 16523 | D:12     | Killed Nessos
 17190 | D:13     | Received a gift from Okawaru
 17358 | D:13     | Found a flagged portal.
 17598 | Bailey   | Entered a bailey
 17677 | Bailey   | Reached XP level 14. HP: 92/110 MP: 20/20
 17857 | Bailey   | Got a brightly glowing ring mail
 17956 | Bailey   | Identified the +5 ring mail of the Onion {rC++} (You took
                  | it off a kobold in a bailey)
 17966 | D:13     | Received a gift from Okawaru
 18330 | D:13     | Found a gate to the Vaults.
 18422 | D:13     | Found a blossoming altar of Fedhas.
 18657 | D:14     | Received a gift from Okawaru
 19079 | D:14     | Received a gift from Okawaru
 19610 | D:14     | Noticed Josephine
 19615 | D:14     | Killed Josephine
 19791 | D:14     | Received a gift from Okawaru
 19792 | D:14     | Got a pitted triple crossbow {god gift}
 19793 | D:14     | Identified the +1 triple crossbow of the Moon {penet,
                  | Dex+3} (Okawaru gifted it to you on level 14 of the
                  | Dungeon)
 20153 | D:14     | Noticed Louise
 20166 | D:14     | Killed Louise
 20214 | D:15     | Entered Level 15 of the Dungeon
 20566 | D:15     | Found a staircase to the Depths.
 20567 | D:15     | Noticed a fire giant
 20577 | D:15     | Killed a fire giant
 20577 | D:15     | Reached skill level 10 in Armour
 20577 | D:15     | Reached skill level 10 in Dodging
 20807 | D:15     | Found a bloodstained altar of Trog.
 21337 | D:6      | Bought a notched copper ring for 150 gold pieces
 21337 | D:6      | Bought a pitted plate armour for 840 gold pieces
 21337 | D:6      | Bought a dented fluorescent amulet for 150 gold pieces
 21368 | D:6      | Identified the +6 plate armour "Uwnelifo" {Dex+4} (You
                  | bought it in a shop on level 6 of the Dungeon)
 21560 | Depths:1 | Entered Level 1 of the Depths
 21825 | Elf:1    | Entered Level 1 of the Elven Halls
 21825 | Elf:1    | Found Kyerchigh's Antique Armour Shop.
 21839 | Elf:1    | Received a gift from Okawaru
 21840 | Elf:1    | Got a smoking arbalest {god gift}
 21841 | Elf:1    | Identified the +1 arbalest of the Mosquito {velocity,
                  | Str+4} (Okawaru gifted it to you on level 1 of the Elven
                  | Halls)
 21952 | Elf:1    | Reached skill level 14 in Crossbows
 22543 | Elf:1    | Reached XP level 15. HP: 115/115 MP: 21/21
 22840 | Elf:1    | Received a gift from Okawaru
 23425 | Elf:1    | Got a translucent mace
 23536 | Elf:1    | Identified the +7 mace of Cowardice {crush, *Noise +Fly rF+
                  | rC+} (You found it on level 1 of the Elven Halls)
 23934 | Elf:1    | Reached skill level 15 in Crossbows
 24573 | Elf:2    | Noticed a deep elf sorcerer
 24669 | Elf:2    | Received a gift from Okawaru
 24704 | Elf:2    | Received a gift from Okawaru
 24967 | Elf:2    | HP: 3/115 [deep elf archer/arrow (11)]
 24982 | Elf:2    | Killed from afar by a deep elf knight

Vault maps used:
D:1:      minmay_arrival_jagged
D:2:      kennysheep_six_static_rooms, minmay_octomino_j4
D:4:      grunt_temple_overflow_open, serial_bayou_pond_e
D:5:      minmay_temple_entry_water_ring, first_ration
D:6:      kennysheep_vampire_church, old_standard_altar, serial_shops,
          shop_statue, shop, nicolae_shop_trees, hangedman_decor_lopped
D:7:      gammafunk_ghost_grave
D:8:      lemuel_round_altar, nicolae_tso_besieged_by_evil, serial_shops, shop,
          uniq_joseph, uniq_harold, uniq_psyche
D:9:      doesnt_xom_only_xom
D:10:     grunt_ogre_cave
D:11:     lair_entry_dummy, kennysheep_orc_monster_closet_entryway, basic_altar,
          serial_bayou, serial_bayou_pond_c, serial_bayou_pond_d,
          serial_bayou_pond_d, serial_bayou_ford_a, hangedman_tree_tricks,
          kennysheep_windowed_goal, uniq_erolcha
D:12:     uniq_rupert, uniq_nessos
D:13:     kennysheep_room_grid, david_vaults_4, enter_bailey_2,
          fedhas_bush_and_centaur_altar
D:14:     minmay_misc_feat_rows, nicolae_looking_at_the_future, uniq_josephine,
          uniq_louise
D:15:     grunt_enter_depths_giant_problem, kennysheep_flooded_box
Orc:1:    serial_shops, nicolae_shop_crystal
Orc:2:    st_orc_ogre_mass
Elf:1:    serial_shops, shop_fountains, evilmike_minifort,
          hangedman_elven_pyramids, spider_trap
Depths:1: hell_entry, abyss_entry, rand_demon_pan_entry_8,
          kennysheep_cluttered_room, minmay_liquid_box, serial_bayou_pond_a,
          nicolae_blasting_shop
Bailey:   bailey_axe_1, bailey

Skill      XL: |  1  2  3  4  5  6  7  8  9 10 11 12 13 14 15 |
---------------+----------------------------------------------+-----
Crossbows      | 2 3 4 5 6 7 9 10 12 13 14 15 | 15.5
Fighting       | 5 7 9 10 | 10.0
Armour         | 3 5 8 10 | 10.0
Dodging        | 3 5 8 10 | 10.0
Invocations    | 8 |  8.0
Polearms       | |  1.5
Throwing       | |  1.0
Stealth        | |  1.0
Shields        | |  1.0

Action                   |  1- 3 |  4- 6 |  7- 9 | 10-12 | 13-15 || total
-------------------------+-------+-------+-------+-------+-------++-------
Melee: Whip              |   100 |    92 |   375 |       |       ||   567
       Flail             |       |       |    64 |    29 |       ||    93
       Arbalest          |       |       |       |     4 |       ||     4
 Fire: Hand crossbow     |     3 |    13 |   147 |   429 |       ||   592
       Hunting sling     |       |    89 |    15 |       |       ||   104
       Arbalest          |       |       |       |   216 |   874 ||  1090
       Triple crossbow   |       |       |       |       |    20 ||    20
Throw: Stone             |       |       |     3 |       |       ||     3
Invok: Heroism           |       |       |     1 |     4 |    10 ||    15
       Finesse           |       |       |       |     2 |     7 ||     9
 Abil: Evoke Flight      |       |       |       |       |     2 ||     2
Evoke: Wand              |       |       |       |     2 |     1 ||     3
  Use: Scroll            |       |     5 |    10 |     4 |     9 ||    28
Armor: Robe              |     2 |       |       |       |       ||     2
       Ring mail         |    44 |    63 |    97 |       |    57 ||   261
       Plate armour      |       |       |   233 |   109 |   105 ||   447
       Chain mail        |       |       |       |       |    70 ||    70
Dodge: Dodged            |    62 |    88 |   307 |   131 |   377 ||   965

Table legend:
 A = Non-vault XP
 B = Vault XP
 C = Vault XP percentage of total XP
 D = Non-vault monster count
 E = Vault monster count
 F = Vault count percentage of total count
                 A         B        C        D         E       F
            +---------+---------+-------+---------+---------+-------
      Total |   75362 |   52461 |  41.0 |     502 |     180 |  26.4
            +---------+---------+-------+---------+---------+-------
        D:1 |      27 |       0 |   0.0 |      15 |       0 |   0.0
        D:2 |      87 |      45 |  34.1 |      22 |      10 |  31.2
        D:3 |     123 |       0 |   0.0 |      11 |       0 |   0.0
        D:4 |     503 |       0 |   0.0 |      17 |       0 |   0.0
        D:5 |     744 |       0 |   0.0 |      36 |       0 |   0.0
        D:6 |     996 |     175 |  14.9 |      28 |       8 |  22.2
        D:7 |    1496 |       0 |   0.0 |      43 |       0 |   0.0
        D:8 |    2353 |    1893 |  44.6 |      28 |      12 |  30.0
        D:9 |    2540 |       0 |   0.0 |      34 |       0 |   0.0
       D:10 |    1254 |     118 |   8.6 |      20 |       1 |   4.8
       D:11 |    5693 |    4601 |  44.7 |      50 |      24 |  32.4
       D:12 |    4495 |    4367 |  49.3 |      20 |       2 |   9.1
       D:13 |    4168 |    7200 |  63.3 |      18 |      17 |  48.6
       D:14 |    9350 |    5397 |  36.6 |      31 |      21 |  40.4
       D:15 |    7243 |    1917 |  20.9 |      16 |       1 |   5.9
      Orc:1 |    3998 |       0 |   0.0 |      50 |       0 |   0.0
      Orc:2 |    2652 |   18405 |  87.4 |      21 |      40 |  65.6
      Elf:1 |   21168 |    6806 |  24.3 |      33 |      11 |  25.0
      Elf:2 |    6472 |     913 |  12.4 |       9 |       1 |  10.0
     Bailey |       0 |     624 | 100.0 |       0 |      32 | 100.0
            +---------+---------+-------+---------+---------+-------
